 Dungeon Crawl Stone Soup version 0.24.0-7-gb3623d2c88 (webtiles) character file.

Game seed: 1708673590366548085, levelgen mode: deterministic

13 Arixos the Sneak (level 2, -5/17 HPs)
             Began as a Deep Elf Assassin on Nov 2, 2019.
             Slain by a worm (10 damage)
             ... on level 1 of the Dungeon.
             The game lasted 00:02:33 (735 turns).

Arixos the Sneak (Deep Elf Assassin)                 Turns: 735, Time: 00:02:34

Health: -5/17      AC:  4    Str:  8    XL:     2   Next: 24%
Magic:  5/5        EV:  9    Int: 15    God:
Gold:   43         SH:  0    Dex: 16    Spells: 3/3 levels left

rFire    . . .     SeeInvis .   a - +2 dagger
rCold    . . .     Gourm    .   (no shield)
rNeg     . . .     Faith    .   m - +0 leather armour (curse)
rPois    .         Spirit   .   (no helmet)
rElec    .         Reflect  .   c - +0 cloak
rCorr    .         Harm     .   (no gloves)
MR       .....                  (no boots)
Stlth    +++.......             (no amulet)
HPRegen  0.05/turn              b - -3 ring of evasion (curse)
MPRegen  0.09/turn              (no ring)

@: no status effects
A: no striking features
a: no special abilities


You were on level 1 of the Dungeon.
You were not hungry.

You visited 1 branch of the dungeon, and saw 2 of its levels.

You collected 43 gold pieces.

Inventory:

Hand Weapons
 a - a +2 dagger (weapon)
Missiles
 d - 7 poisoned darts (quivered)
 e - 2 curare-tipped darts
Armour
 c - a +0 cloak (worn)
 m - a cursed +0 leather armour (worn)
Jewellery
 b - a cursed -3 ring of evasion (left hand)
Scrolls
 g - a scroll of random uselessness {unknown}
 h - a scroll of identify {unknown}
 j - a scroll of teleportation {unknown}
 k - a scroll of immolation {unknown}
Potions
 l - a potion of agility {unknown}
 n - a potion of curing {unknown}
Comestibles
 f - 3 rations
 i - 3 chunks of flesh


   Skills:
 + Level 1.9 Fighting
 - Level 2.0 Short Blades
 - Level 2.0 Throwing
 + Level 1.9 Dodging
 - Level 4.8 Stealth
 + Level 1.3 Spellcasting


You had 3 spell levels left.
You didn't know any spells.
Your spell library was empty.

Dungeon Overview and Level Annotations

Branches:
Dungeon (2/15)

Altars:
Cheibriados


Message History

The worm is heavily wounded.
An adder comes into view.
The adder moves out of view.
You see here a poisoned dart.
d - a poisoned dart You see here a poisoned dart.
You see here a poisoned dart.
The worm bites you but does no damage.
You see here a poisoned dart.
d - 2 poisoned darts (gained 1)
The worm bites you!
* * * LOW HITPOINT WARNING * * *
You see here 5 poisoned darts.
d - 7 poisoned darts (gained 5)
There is a stone staircase leading up here.
You climb upwards.
There is a stone staircase leading down here.
The worm bites you!
Ouch! That really hurt!
You die...

.....###.........###..###...##...
#...#.##.........................
.8.8.8.##.........##..#..........
........#.......#.......#........
........+.......#.......#........
........#.......#...###.######...
.8.8.8.##.......#...#$#.# ##..
#...#.###........w..###.# #..
.....## #######.@>......# #..
#...## #.........# ##.. ##'##
##########.#######... ...#
#..#.....#.......#... ..##
#.##.###.#.#####.#... ..#
#.##.#รท#.#.#.....#... ..#
###)##.#...#.#.#####...
..#########....#.#####.#.#...#...
...............#.......#.#.#.#...


You could see a worm.

Vanquished Creatures
  4 goblins
  3 hobgoblins (D:1)
  A ball python (D:1)
  A bat (D:1)
  A frilled lizard (D:1)
  A kobold (D:1)
  2 rats (D:2)
13 creatures vanquished.

Notes
Turn   | Place    | Note
-------+----------+-------------------------------------------
     0 | D:1      | Arixos the Deep Elf Assassin began the quest for the Orb.
     0 | D:1      | Reached XP level 1. HP: 12/12 MP: 3/3
   270 | D:1      | Reached skill level 1 in Spellcasting
   359 | D:1      | Reached XP level 2. HP: 17/17 MP: 5/5
   658 | D:2      | Found a snail-covered altar of Cheibriados.
   735 | D:1      | Slain by a worm

Levels and vault maps discovered:
D:1:      matt_arrival_spirals, layout_rooms, serial_glass, glass_columns_a,
          glass_columns_a, glass_columns_a, glass_columns_c, item_on_display_a,
          item_on_display_a, feat_on_display, dk_noncrumbling_3,
          hex_intersection
D:2:      layout_rooms, cheibriados_altar_1, minivault_14

Skill      XL: |  1 |
---------------+----+-----
Spellcasting   | 1 |  1.3
Fighting       | |  1.9
Short Blades   | |  2.0
Throwing       | |  2.0
Dodging        | |  1.9
Stealth        | |  4.8

Action                   || total
-------------------------++-------
Melee: Dagger            ||    39
Throw: Dart              ||    15
 Stab: Sleeping          ||     3
Armor: Robe              ||     1
       Leather armour    ||     5
Dodge: Dodged            ||    13
